 Dungeon Crawl Stone Soup version 0.17-a0-1197-g2d00c63 (webtiles) character file.

296 tinkerttoy the Shield-Bearer (level 6, 0/56 HPs)
             Began as a Minotaur Fighter on June 2, 2015.
             Slain by an orc
             ... wielding a +0 whip
              (1 damage)
             ... on level 4 of the Dungeon.
             The game lasted 00:04:45 (2516 turns).

tinkerttoy the Shield-Bearer (Minotaur Fighter)     Turns: 2516, Time: 00:04:45

Health: 0/56       AC:  8    Str: 20      XL:     6   Next: 12%
Magic:  5/5        EV:  8    Int:  2 (5)  God:
Gold:   170        SH: 10    Dex: 12      Spells: 0 memorised, 5 levels left

rFire  . . .     SeeInvis .     a - +0 long sword
rCold  . . .     Clarity  .     b - +0 scale mail
rNeg   . . .     SustAt   .     c - +0 shield
rPois  .         Gourm    .     (helmet unavailable)
rElec  .         Spirit   .     (no cloak)
rCorr  .         Warding  .     (no gloves)
rMut   .         Stasis   .     f - +0 pair of boots
MR     .....                    (no amulet)
Stlth  ..........               (no ring)
                                (no ring)

@: not resistant to hostile enchantments, extremely unstealthy
A: retaliatory headbutt, horns 3
a: no special abilities


You were on level 4 of the Dungeon.
You were not hungry.

You visited 1 branch of the dungeon, and saw 4 of its levels.

You collected 170 gold pieces.

Inventory:

Hand weapons
 a - a +0 long sword (weapon)
Armour
 b - a +0 scale mail (worn)
 c - a +0 shield (worn)
 f - a +0 pair of boots (worn)
 m - a +0 plate armour
Jewellery
 g - an uncursed ring of wizardry {unknown}
Scrolls
 i - a scroll of recharging {unknown}
 k - 2 scrolls of remove curse {unknown}
 l - a scroll of random uselessness {unknown}
 n - 3 scrolls of magic mapping {unknown}
 p - 4 scrolls of identify {unknown}
 q - a scroll of enchant weapon {unknown}
 s - a scroll of amnesia {unknown}
Potions
 d - a potion of might
 o - a potion of agility
Comestibles
 e - 4 bread rations
 h - a slice of pizza
 j - a beef jerky
 r - 2 fruits


   Skills:
 + Level 5.0 Fighting
 + Level 4.2 Long Blades
 + Level 5.0 Armour
 + Level 1.6 Dodging
 + Level 5.2 Shields


You had 5 spell levels left.
You didn't know any spells.

Dungeon Overview and Level Annotations

Branches:
Dungeon (4/15)
 Temple: D:4-7

Altars:
Ru
Vehumet


Innate Abilities, Weirdness & Mutations

You reflexively headbutt those who attack you in melee.
You have a pair of large horns on your head.


Message History

You closely miss the orc. You headbutt the orc.
The orc is almost dead.
The orc hits you but does no damage. You block the orc's attack.
The orc hits you but does no damage.
Your shield and scale mail prevent you from hitting the orc.
Your headbutt misses the orc.
The orc is almost dead.
The orc hits you but does no damage. x2
You barely miss the orc. You headbutt the orc, but do no damage.
The orc is almost dead.
The orc hits you but does no damage. The orc hits you with a club.
* * * LOW HITPOINT WARNING * * *
You barely miss the orc.
The orc is almost dead.
You block the orc's attack. x2
You barely miss the orc. Your headbutt misses the orc.
The orc is almost dead.
You block the orc's attack. The orc hits you but does no damage.
The orc hits you with a whip.
You die...

##.......... ...
.#.......... ...
.......... .. ......###
.# .##....#######
###.######
.##...........
......... .##.....####
##........
###...#.##### #oo#
.....
#...#.....####@##......
..#.##
#...#####.....)).#
##..... #####
###.......# ##.O....
#.......# #....S..
..........# #.......
...........# ##.......
#####..(..... .........
#######... #(....<. ###
.........


You could see 2 orcs.

Vanquished Creatures
  An ogre (D:4)
  An orc priest (D:3)
  An orc wizard (D:4)
  Jessica (D:2)
  A worker ant (D:4)
  3 adders
  2 oozes (D:1)
  A worm (D:2)
  A giant gecko (D:1)
  4 orcs
  3 ball pythons
  9 bats
  A bat skeleton (D:3)
  3 giant cockroaches
  8 goblins
  4 hobgoblins
  4 kobolds
  A quokka (D:4)
  6 giant newts
  10 rats
65 creatures vanquished.

Vanquished Creatures (others)
  An adder (D:2)
1 creature vanquished.

Grand Total: 66 creatures vanquished

Notes
Turn   | Place    | Note
--------------------------------------------------------------
     0 | D:1      | tinkerttoy the Minotaur Fighter began the quest for the Orb.
     0 | D:1      | Reached XP level 1. HP: 19/19 MP: 0/0
   135 | D:1      | Reached skill level 4 in Fighting
   141 | D:1      | Reached XP level 2. HP: 27/27 MP: 1/1
   434 | D:1      | Reached XP level 3. HP: 30/33 MP: 2/2
   802 | D:2      | Noticed Jessica
   813 | D:2      | Killed Jessica
   813 | D:2      | Reached XP level 4. HP: 25/41 MP: 3/3
  1101 | D:2      | Found a radiant altar of Vehumet.
  1851 | D:3      | Reached skill level 1 in Dodging
  1852 | D:3      | Reached XP level 5. HP: 45/47 MP: 4/4
  1937 | D:3      | Found a sacrificial altar of Ru.
  2174 | D:4      | Noticed an ogre
  2245 | D:4      | Gained mutation: You have a pair of large horns on your head. [potion of beneficial mutation]
  2507 | D:4      | Reached skill level 5 in Shields
  2509 | D:4      | HP: 2/47 [ogre/giant club (21)]
  2511 | D:4      | Killed an ogre
  2511 | D:4      | Reached skill level 5 in Fighting
  2511 | D:4      | Reached skill level 5 in Armour
  2511 | D:4      | Reached XP level 6. HP: 2/56 MP: 5/5
  2514 | D:4      | HP: 1/56 [orc/club (2)]
  2516 | D:4      | Slain by an orc

Vault maps used:
D:1:      dpeg_arrival_houses_and_road
D:2:      fiery_altar_vehumet, first_bread, uniq_jessica
D:3:      nicolae_ru_path_of_blood
D:4:      nicolae_overflow_crystal_walls, hangedman_decor_points, st_stairs_11

Action                   |  1- 3 |  4- 6 || total
-------------------------+-------+-------++-------
Melee: Long sword        |    72 |    81 ||   153
  Use: Potion            |     3 |     4 ||     7
  Eat: Bread ration      |       |     1 ||     1
       Pizza             |       |     1 ||     1
